 Dungeon Crawl Stone Soup version 0.31-a0-150-g89dc3ad700 (webtiles) character file.

Game seed: 15619562276827794982

21 qw the Shooter (level 2, 0/17 HPs)
             Began as a Gargoyle Hunter on June 8, 2023.
             Killed from afar by Sigmund (8 damage)
             ... with a puff of flame
             ... on level 1 of the Dungeon.
             The game lasted 00:00:17 (866 turns).

qw the Shooter (Gargoyle Hunter)                     Turns: 866, Time: 00:00:18

Health: 0/17       AC:  7    Str: 14    XL:     2   Next: 83%
Magic:  0/2        EV: 10    Int:  9    God:
Gold:   22         SH:  0    Dex: 13    Spells: 1/1 levels left

rFire   . . .        Y - +0 shortbow
rCold   . . .        (shield currently unavailable)
rNeg    + . .        d - +0 ring mail
rPois   inf          (no helmet)
rElec   +            (no cloak)
rCorr   .            (no gloves)
SInv    .            (no boots)
Will    .....        e - amulet of guardian spirit Stlth
                     (no ring)
HPRegen 0.22/turn    (no ring)
MPRegen 0.08/turn

%: guardian spirit
@: confused
A: sickness immunity, AC +2, negative energy resistance 1, electricity
resistance, torment resistance 1, petrification resistance
a: no special abilities


You were on level 1 of the Dungeon.
You visited 1 branch of the dungeon, and saw 2 of its levels.

You collected 22 gold pieces.


Innate Abilities, Weirdness & Mutations

You are immune to sickness and miasma.
Your stone body is resilient. (AC +2)
You are immune to poison.
You resist negative energy. (rN+)
You are resistant to electric shocks. (rElec)
You are resistant to unholy torment.
You are immune to petrification.


   Skills:
 - Level 2.1 Fighting
 - Level 4.8 Ranged Weapons
 + Level 0.0 Armour
 - Level 1.5 Dodging
 - Level 1.1 Stealth


You had one spell level left.
You didn't know any spells.
Your spell library was empty.

Inventory:

Hand Weapons
 Y - a +0 shortbow (weapon)
Armour
 d - a +0 ring mail (worn)
Jewellery
 e - an amulet of guardian spirit (around neck)
Scrolls
 h - a scroll of identify
Potions
 k - a potion of brilliance {unknown}

Dungeon Overview and Level Annotations

Branches:
Dungeon (2/15)

Altars:

Annotations:
D:1 Sigmund


Message History

Done exploring.
816 ||| READING 2 scrolls of identify.
As you read the scroll of identify, it crumbles to dust.
i - a potion of degeneration;
816 ||| IDENTIFYING murky ruby potion Done exploring.
817 ||| DROPPING 2 scrolls of fear.
You drop 2 scrolls of fear.
Done exploring.
818 ||| DROPPING scroll of butterflies.
You drop a scroll of butterflies.
Done exploring.
819 ||| DROPPING potion of degeneration.
You drop a potion of degeneration.
Done exploring.
(D) Dungeon
Where to? (* - list waypoints, ? - help)
What level of the Dungeon? (default 1, ? - help)
There is an open door here.
There is a stone staircase leading down here.
You climb downwards.
Sigmund shouts!
There is a stone staircase leading up here.
Sigmund is nearby!
Waypoint 1 assigned to D:2.
You shoot an arrow. The arrow closely misses Sigmund.
A giant cockroach comes into view.
Sigmund casts a spell at you.
You are confused.
861 ||| STAIRDANCE Sigmund hits you with a +0 scythe.
In your confused state, you trip and fall back down the stairs.
863 ||| STAIRDANCE Sigmund closely misses you.
You climb upwards.
There is a stone staircase leading down here.
Enter note:
Enter note:
Enter note: Sigmund points at you and mumbles some strange words.
The puff of flame hits you!
Sigmund zaps a wand.
The puff of flame hits you!
You die...

##.####.######'###.###.##
#.......)..#.....#.#...#.
#######....#....)#.....#.
#....#.....####..#.
########'#.......##
########....##.##...##
#.....##.#####.##.....
##'###.##[# #.##..###
#....#@@..# #........
#....###### #########
#....###.# #...###(.
####....#...# #.8.....<
#.......#.#%# #...###..
#....%....#.# ##.## ###
#.......###.# #...###..
#...).......# #.8.....8
#########.### #...###..


You could see Sigmund.

Vanquished Creatures
  An endoplasm (D:1)
  3 goblins (D:1)
  2 hobgoblins (D:1)
  2 jackals (D:1)
  4 kobolds (D:1)
  2 quokkas (D:1)
  A ball python (D:1)
  A bat (D:1)
  4 rats (D:1)
20 creatures vanquished.

Notes
Turn   | Place    | Note
-------+----------+-------------------------------------------
     0 | D:1      | qw the Gargoyle Hunter began the quest for the Orb.
     0 | D:1      | Reached XP level 1. HP: 12/12 MP: 1/1
     0 | D:1      | 0 ||| qw: Version: 0.2-a-119-g7aa9181
     0 | D:1      | 0 ||| qw: Game counter: 2774
     0 | D:1      | 0 ||| qw: Always use a shield: true
     0 | D:1      | 0 ||| qw: God list: Okawaru
     0 | D:1      | 0 ||| qw: Allow faded altars: false
     0 | D:1      | 0 ||| qw: Do Orc after D:15 true
     0 | D:1      | 0 ||| qw: Do second Lair branch before Depths: true
     0 | D:1      | 0 ||| qw: Lair rune preference: random
     0 | D:1      | 0 ||| qw: Plans: Normal
     0 | D:1      | 0 ||| PLANNING D:1-11
   186 | D:1      | Reached XP level 2. HP: 17/17 MP: 2/2
   796 | D:1      | 796 ||| UPGRADING to +0 ring mail.
   806 | D:1      | 806 ||| DROPPING +0 leather armour.
   807 | D:1      | 807 ||| UPGRADING to amulet of guardian spirit.
   812 | D:1      | 812 ||| READING 3 scrolls labelled KUQU FURONUCAR.
   813 | D:1      | 813 ||| READING scroll labelled BISTOJUVVAD.
   814 | D:1      | 814 ||| READING 3 scrolls labelled JOFEEJ VIDETRU.
   815 | D:1      | 815 ||| READING scroll labelled HEDOYS GEAHI.
   816 | D:1      | 816 ||| READING 2 scrolls of identify.
   816 | D:1      | 816 ||| IDENTIFYING murky ruby potion
   817 | D:1      | 817 ||| DROPPING 2 scrolls of fear.
   818 | D:1      | 818 ||| DROPPING scroll of butterflies.
   819 | D:1      | 819 ||| DROPPING potion of degeneration.
   859 | D:2      | Noticed Sigmund
   861 | D:2      | 861 ||| STAIRDANCE
   863 | D:2      | 863 ||| STAIRDANCE
   866 | D:1      | Killed from afar by Sigmund

Levels and vault maps discovered:
D:1:      minmay_arrival_nine_rooms, layout_basic, grunt_decor_cap
D:2:      layout_rooms, serial_shops, nicolae_shop_back_alley_shop,
          uniq_sigmund, uniq_jessica

Action                     || total
---------------------------++-------
   Fire: Shortbow          ||    58
    Use: Scroll            ||     5
 Armour: Leather armour    ||    10
  Dodge: Dodged            ||    21

Table legend:
 A = Non-vault XP
 B = Vault XP
 C = Vault XP percentage of total XP
 D = Non-vault monster count
 E = Vault monster count
 F = Vault count percentage of total count
                 A         B        C        D         E       F
            +---------+---------+-------+---------+---------+-------
      Total |      30 |       0 |   0.0 |      20 |       0 |   0.0
            +---------+---------+-------+---------+---------+-------
        D:1 |      30 |       0 |   0.0 |      20 |       0 |   0.0
            +---------+---------+-------+---------+---------+-------
